 Dungeon Crawl Stone Soup version 0.30.1-11-g7821555f0a (webtiles) character file.

Game seed: 15237318515734508146

46 Okkudo the Chopper (level 3, 0/31 HPs)
             Began as a Hill Orc Monk on Nov 30, 2023.
             Slain by a cerulean imp
             ... wielding a +1 spear
             ... summoned by Natasha
              (2 damage)
             ... on level 2 of the Dungeon.
             The game lasted 00:02:39 (876 turns).

Okkudo the Chopper (Hill Orc Monk)                   Turns: 876, Time: 00:02:40

Health: 0/31       AC:  6    Str: 15    XL:     3   Next: 66%
Magic:  3/3        EV: 11    Int: 16    God:
Gold:   48         SH:  0    Dex: 13    Spells: 2/2 levels left

rFire   . . .        a - +0 hand axe
rCold   . . .        d - orb {light}
rNeg    . . .        h - +0 ring mail
rPois   .            (no helmet)
rElec   .            b - +0 cloak
rCorr   .            (no gloves)
SInv    .            (no boots)
Will    .....        (no amulet)
Stlth   +            g - +6 ring of intelligence
HPRegen 0.25/turn    (no ring)
MPRegen 0.08/turn

%: no passive effects
@: glowing
A: no striking features
a: no special abilities


You were on level 2 of the Dungeon.
You visited 1 branch of the dungeon, and saw 2 of its levels.

You collected 48 gold pieces.

Inventory:

Hand Weapons
 a - a +0 hand axe (weapon)
 k - a +4 dagger
Armour
 b - a +0 cloak (worn)
 d - an orb of light (worn)
 h - a +0 ring mail (worn)
Jewellery
 g - a +6 ring of intelligence (left hand)
Scrolls
 e - a scroll of brand weapon {unknown}
 i - a scroll of silence {unknown}
 j - a scroll of fear {unknown}
Potions
 c - a potion of ambrosia
 f - a potion of curing {unknown}


   Skills:
 - Level 3.6 Fighting
 * Level 6.0 Axes
 - Level 2.4 Dodging


You had 2 spell levels left.
You didn't know any spells.
Your spell library contained the following spells:

 Spells                   Type           Power      Damage    Failure   Level
 Apportation              Tloc           0%         N/A       45%         1
 Necrotise                Necr           0%         1d4       45%         1
 Summon Small Mammal      Summ           0%         N/A       45%         1


Dungeon Overview and Level Annotations

Branches:
Dungeon (2/15)

Altars:

Annotations:
D:2 Natasha


Message History

Natasha claws you.
The cerulean imp hits you with a +1 spear.
You barely miss Natasha.
You hit the cerulean imp but do no damage.
Natasha barely misses you. The cerulean imp completely misses you.
You hit Natasha but do no damage.
You hit the cerulean imp but do no damage.
Natasha misses you.
The cerulean imp hits you with a +1 spear.
You completely miss Natasha. You closely miss the cerulean imp.
Natasha claws you. The cerulean imp barely misses you.
You hit Natasha but do no damage.
You hit the cerulean imp but do no damage.
Natasha stares at you and mumbles some strange words.
The magic dart hits you. The cerulean imp misses you.
You hit Natasha.
Natasha is lightly wounded.
You closely miss the cerulean imp. Natasha claws you.
* * * LOW HITPOINT WARNING * * *
The cerulean imp barely misses you.
You hit Natasha.
Natasha is moderately wounded.
You hit the cerulean imp but do no damage.
Natasha barely misses you.
The cerulean imp hits you but does no damage.
You hit Natasha.
Natasha is heavily wounded.
You hit the cerulean imp but do no damage.
Natasha casts a spell at you. The magic dart hits you.
* * * LOW HITPOINT WARNING * * *
The cerulean imp hits you with a +1 spear.
* * * LOW HITPOINT WARNING * * *
Unknown command.
You completely miss Natasha.
Natasha is heavily wounded.
You hit the cerulean imp. Natasha claws you.
* * * LOW HITPOINT WARNING * * *
The cerulean imp hits you with a +1 spear.
You die...

## ...# # .# ..?##.#
##.# ...#. .#.#.... .#
#####.#.#..# ####..
.#._.#.#[#..###...##
..^.^...^.5.##.....##
..........@h#.......#
.........##.#.......#
........###.#.....).#
........h....<..$..##
.......†###.#...?...#
........##..#..........
########....)..........
#...........#...
#...?..>........


You could see Natasha and a cerulean imp (summoned).

Vanquished Creatures
  Natasha (D:2)
  A dart slug (D:1)
  A ball python (D:1)
  A giant cockroach (D:1)
  2 goblins
  3 hobgoblins (D:1)
  A quokka (D:1)
  5 bats (D:1)
  A frilled lizard (D:1)
  2 kobolds
  A rat (D:1)
19 creatures vanquished.

Notes
Turn   | Place    | Note
-------+----------+-------------------------------------------
     0 | D:1      | Okkudo the Hill Orc Monk began the quest for the Orb.
     0 | D:1      | Reached XP level 1. HP: 19/19 MP: 1/1
   182 | D:1      | Reached XP level 2. HP: 23/26 MP: 2/2
   195 | D:1      | Reached skill level 5 in Axes
   762 | D:2      | Noticed Natasha
   769 | D:2      | Found a faded altar of an unknown god.
   784 | D:2      | Killed Natasha
   785 | D:2      | Reached skill level 6 in Axes
   785 | D:2      | Reached XP level 3. HP: 9/31 MP: 3/3
   813 | D:2      | Noticed Natasha
   876 | D:2      | Slain by a cerulean imp

Illustrated notes

Levels and vault maps discovered:
D:1:      nzn_arrival_crosshair, layout_loops_ring
D:2:      layout_rooms, shapermc_ecumenical_altar_rom_forum, uniq_natasha

Skill      XL: |  1  2 |
---------------+-------+-----
Axes           | 6 |  6.0
Fighting       | |  3.6
Dodging        | |  2.4

Action                     || total
---------------------------++-------
  Melee: Hand axe          ||    68
 Armour: Robe              ||     8
         Ring mail         ||    15
  Dodge: Dodged            ||    52
